 Dungeon Crawl Stone Soup version 0.31-a0-544-gceb718ecc6 (webtiles) character file.

Game seed: 8714287421103730668

3017 spiderkeys the Ruffian (level 9, -1/62 (63) HPs)
             Began as an Octopode Shapeshifter on Aug 15, 2023.
             Was an Initiate of Gozag.
             Slain by a wight
             ... wielding a +2 scimitar
              (13 damage)
             ... on level 8 of the Dungeon.
             The game lasted 00:08:17 (8055 turns).

spiderkeys the Ruffian (Octopode Shapeshifter)      Turns: 8055, Time: 00:08:18

HP:   -1/62 (63)    AC:  1    Str: 16    XL:     9   Next: 85%
MP:   9/9           EV: 16    Int: 11    God:    Gozag
Gold: 761           SH:  0    Dex: 14    Spells: 8/8 levels left

rFire   . .          .
                       - Unarmed
rCold   . . .        (no shield)
rNeg    . . .        (helmet currently unavailable)
rPois   .            (no amulet)
rElec   .            L - ring of flight
rCorr   .            Y - +4 ring of slaying
SInv    .            (no ring)
Will    .....        (no ring)
Stlth   ++           (no ring)
HPRegen 0.30/turn    (no ring)
MPRegen 0.11/turn    (no ring)
                     (no ring)

%: no passive effects
@: beast-form, flying, lightly drained
A: beast (slay +4), almost no armour, amphibious, 8 rings, camouflage 1,
gelatinous body 1, (nimble swimmer 1), tentacles
a: Begin Untransformation, Renounce Religion, Potion Petition, Call Merchant,
Bribe Branch


You were on level 8 of the Dungeon.
You worshipped Gozag.
Gozag was pleased with you.
You were a hulking beast.
You visited 2 branches of the dungeon, and saw 9 of its levels.

You collected 807 gold pieces.
You paid 46 gold pieces to Gozag.


Innate Abilities, Weirdness & Mutations

You are a hulking beast.
Your limbs bulge with bestial killing power. (Slay +4)
You cannot wear most types of armour.
You are amphibious.
You can wear up to eight rings at the same time.
Your skin changes colour to match your surroundings (Stealth+).
Your rubbery body absorbs attacks. (AC +1, EV +1)
((You are camouflaged when in or above water. (Stealth+)))
You have tentacles for arms and can constrict up to eight enemies at once.


   Skills:
 + Level 6.7 Fighting
 + Level 7.0 Dodging
 + Level 7.4 Unarmed Combat
 + Level 6.3 Shapeshifting


You had 8 spell levels left.
You didn't know any spells.
Your spell library contained the following spells:

 Spells                   Type           Power      Damage    Failure   Level
 Magic Dart               Conj           0%         1d3       34%         1
 Ensorcelled Hibernation  Hex/Ice        0%         N/A       47%         2
 Passwall                 Tmut/Erth      0%         N/A       47%         2
 Searing Ray              Conj           0%         2d4       47%         2
 Swiftness                Air            0%         N/A       71%         3
 Fulminant Prism          Conj/Hex       0%         3d5       98%         4

Inventory:

Missiles
 j - 58 stones
 q - 3 atropa-tipped darts
 r - 6 poisoned darts
 s - 7 boomerangs
 x - 5 curare-tipped darts {=f}
Jewellery
 L - a ring of flight (left tentacle)
   (You found it on level 1 of the Dungeon)
 Y - a +4 ring of slaying (right tentacle)
   (You found it on level 6 of the Dungeon)
Talismans
 b - a beast talisman (active)
 c - a flux talisman
 l - a blade talisman
   (You found it on level 2 of the Dungeon)
Wands
 m - a wand of flame (33)
   (You found it on level 2 of the Dungeon)
 t - a wand of paralysis (9)
   (You found it on level 6 of the Dungeon)
Scrolls
 d - 3 scrolls of blinking {!r}
 e - 6 scrolls of teleportation {@r4}
 h - 2 scrolls of enchant armour
 n - a scroll of vulnerability {!r!r}
 o - a scroll of poison {!r}
 w - 2 scrolls of enchant weapon
 y - a scroll of torment {!r}
 B - a scroll of revelation
Potions
 a - 2 potions of lignification {!q}
 f - a potion of degeneration {unknown}
 g - 2 potions of curing {@q1}
 i - 3 potions of heal wounds {@q2}
 k - 3 potions of attraction {!q}
 p - a potion of haste {unknown}
 u - 3 potions of enlightenment {unknown}
 v - a potion of might {unknown}
 A - a potion of berserk rage {unknown}

Dungeon Overview and Level Annotations

Branches:
Dungeon (8/15) Zot: 26967  Temple (1/1) D:4 Zot: 5969
   Lair: D:8-11

Altars:
Ashenzari
Cheibriados
Dithmenos
Elyvilon
Fedhas
Gozag
Makhleb
Nemelex Xobeh
Qazlal
Ru
Sif Muna
Trog
Uskayaw
Vehumet
Wu Jian
Xom
Yredelemnul
Zin
The Shining One

###....###.......###
.................... #
###....###......####.#
#....# #...........#
#....# #####.#.....+
#....# #.#.#####
###### #.#.# ..#$#
###h# #...z...#
#.?..##.# #...... #
#.##### #. #


You could see a wight.


Message History

The grasping roots constrict the two-headed ogre.
The grasping roots constrict the two-headed ogre.
The roots release their grip on the two-headed ogre.
Throw: 7 boomerangs
Press: ? - help, Shift-Dir - straight line, f/p - two-headed ogre
Aim: a two-headed ogre, wielding a +0 giant club and a +0 giant spiked club (almost dead, very poisoned, slow, 80% to hit)
You throw a boomerang. The boomerang hits the two-headed ogre.
Throw: 7 boomerangs
Press: ? - help, Shift-Dir - straight line, f/p - two-headed ogre
Aim: a two-headed ogre, wielding a +0 giant club and a +0 giant spiked club (almost dead, very poisoned, slow, 80% to hit)
You throw a boomerang.
The boomerang hits the two-headed ogre but does no damage.
The two-headed ogre is no longer moving slowly.
You kill the two-headed ogre!
Your Unarmed Combat skill increases to level 7!
Your Shapeshifting skill increases to level 6! 😎 HP[+1]
You now have 63 max hp (+1).
Your hp is fully restored (63).
You now have 747 gold pieces (gained 18).
Things that are here:
a +0 giant club; a +0 giant spiked club
r - 5 poisoned darts (gained 1)
r - 6 poisoned darts (gained 1)
x - a curare-tipped dart {=f}
x - 5 curare-tipped darts {=f} (gained 4) Key pressed, stopping explore.
There is an escape hatch in the ceiling here.
Done exploring.
Done exploring.
Done exploring.
There is an escape hatch in the floor here.
Done exploring.
There is a stone staircase leading down here.
You fly downwards.
There is a stone staircase leading up here.
You now have 761 gold pieces (gained 14).
You see here a +0 arbalest. 2 wights come into view.
The wight moves out of view.
A wight is nearby!
A wight comes into view. It is wielding a +2 scimitar.
A wight comes into view. It is wielding a +0 trident.
The wight hits you from afar with a +0 trident!
You feel drained. 😮 HP[-18]
You now have 60 max hp (-3).
You take 18 damage, and now have 45/60 hp.
MASSIVE DAMAGE!! (PAUSE)
The wight barely misses you. 😕 HP[+1]
You bludgeon the wight! Your grab misses the wight. You squeeze the wight.
You bludgeon the wight!
You destroy the wight!
The wight is distracted by your dazzling golden aura. x2
You now have 62 max hp (+2).
Unknown command.
The wight is no longer distracted by gold.
The wight hits you with a +0 trident!
Things that are here:
4 gold pieces; a +0 trident; a +0 robe; 😮 HP[-7]
You take 7 damage, and now have 39/62 hp.
You tentacle-slap the wight. You grab the wight. You constrict the wight.
The wight barely misses you. 😮 HP[+1]
You tentacle-slap the wight but do no damage.
You tentacle-slap the wight. You squeeze the wight.
You destroy the wight!
Your life force feels restored.
You now have 63 max hp (+1).
You bludgeon the wight! Your grab misses the wight.
Your squeeze misses the wight.
The wight is no longer distracted by gold.
The wight completely misses you.
You barely miss the wight. You grab the wight. You constrict the wight.
The wight hits you with a +0 scimitar!
* * * LOW HITPOINT WARNING * * *
You feel drained.
* * * LOW HITPOINT WARNING * * *
😨 HP[-16]
You now have 61 max hp (-2).
You take 16 damage, and now have 24/61 hp.
MASSIVE DAMAGE!! (PAUSE)
You barely miss the wight.
Your tentacle-slap misses the wight.
You squeeze the wight.
You destroy the wight!
The wight is distracted by your dazzling golden aura.
Your Dodging skill increases to level 7! 😨 HP[+1]
You now have 62 max hp (+1).
The wight is no longer distracted by gold.
The wight hits you with a +2 scimitar!
* * * LOW HITPOINT WARNING * * *
Items here: $ )) [[. 😱 HP[-13]
You take 13 damage, and now have 12/62 hp.
MASSIVE DAMAGE!! (PAUSE)
You tentacle-slap the wight. Your grab misses the wight.
The wight hits you with a +2 scimitar!
You die...
Your body crumbles into a pile of gold.

Skill      XL: |  1  2  3  4  5  6  7  8  9 |
---------------+----------------------------+-----
Fighting       | 2 3 4 5 6 |  6.7
Dodging        | 3 4 5 7 |  7.0
Unarmed Combat | 4 5 6 7 |  7.4
Shapeshifting  | 4 5 6 |  6.3

Action                     |  1- 3 |  4- 6 |  7- 9 || total
---------------------------+-------+-------+-------++-------
  Melee: Unarmed           |    43 |   133 |   149 ||   325
         Constrict         |    14 |    35 |    40 ||    89
         Tentacles         |     8 |    25 |    48 ||    81
         Punch             |     2 |     3 |     9 ||    14
  Throw: Dart              |       |       |     3 ||     3
         Boomerang         |       |       |     2 ||     2
  Evoke: Wand              |       |     5 |     4 ||     9
    Use: Scroll            |     2 |     3 |     8 ||    13
         Potion            |       |       |     1 ||     1
   Stab: Sleeping          |     3 |    13 |     5 ||    21
         Distracted        |       |     1 |       ||     1
 Armour: Skin              |     3 |     5 |     4 ||    12
  Dodge: Dodged            |    30 |    79 |    81 ||   190

Levels and vault maps discovered:
D:1:      lightli_arrival_flooded_house, layout_basic
D:2:      layout_basic, serial_glass, glass_columns_a, glass_columns_b,
          uniq_natasha
D:3:      layout_loops_cross, nzn_wu_jian_council_hall, nicolae_eternal_life,
          grunt_decor_arrowhead, hangedman_decor_riveting,
          hangedman_glass_teeth, uniq_jessica
D:4:      layout_basic, gammafunk_temple_overflow_claw,
          minmay_temple_entry_purple_smoke, uniq_robin
D:5:      layout_loops_corners, elyvilon_altar_3, uniq_crazy_yiuf_cottage
D:6:      layout_loops_ring, uniq_duvessa
D:7:      layout_basic, st_stairs_12, dk_rats_in_the_wall
D:8:      layout_basic, serial_shops, shop, uniq_amaemon
Temple:   zaba_magenta_temple

Notes
Turn   | Place    | Note
-------+----------+-------------------------------------------
     0 | D:1      | spiderkeys the Octopode Shapeshifter began the quest for
                  | the Orb.
     0 | D:1      | Reached XP level 1. HP: 13/13 MP: 1/1
     0 | D:1      | magus.rc [v1.11.6]
    75 | D:1      | You add the spells Passwall, Ensorcelled Hibernation and
                  | Swiftness to your library.
    95 | D:1      | Reached XP level 2. HP: 18/18 MP: 2/2
   322 | D:1      | Reached XP level 3. HP: 20/23 MP: 3/3
   933 | D:2      | Noticed Natasha
   939 | D:2      | Killed Natasha
   940 | D:2      | Reached skill level 2 in Fighting
   940 | D:2      | Reached XP level 4. HP: 9/29 MP: 4/4
  1560 | D:2      | Noticed Natasha
  1563 | D:2      | Killed Natasha
  1564 | D:2      | Reached skill level 3 in Dodging
  1564 | D:2      | Reached XP level 5. HP: 35/35 MP: 5/5
  1756 | D:2      | You are sucked into a shaft and drop 1 floor!
  2093 | D:2      | Noticed Natasha
  2099 | D:2      | Killed Natasha
  2347 | D:3      | Reached skill level 4 in Unarmed Combat
  2632 | D:3      | Reached XP level 6. HP: 41/41 MP: 6/6
  2705 | D:3      | Noticed Jessica
  2712 | D:3      | Killed Jessica
  2713 | D:3      | Reached skill level 3 in Fighting
  2758 | D:3      | Found an ornate altar of the Wu Jian Council.
  2979 | D:4      | Identified the +1 robe "Pouronk" {rElec rPois Str-2 SInv}
  3282 | D:4      | Noticed Robin
  3295 | D:4      | Killed Robin
  3296 | D:4      | Reached skill level 4 in Shapeshifting
  3624 | D:4      | Found a staircase to the Ecumenical Temple.
  3630 | Temple   | Entered the Ecumenical Temple
  3645 | Temple   | Became a worshipper of Gozag Ym Sagoz the Greedy
  3681 | D:4      | Found a shimmering blue altar of Sif Muna.
  3681 | D:4      | Found a bloodstained altar of Trog.
  3681 | D:4      | Found a glowing silver altar of Zin.
  4055 | D:5      | Entered Level 5 of the Dungeon
  4200 | D:5      | Reached XP level 7. HP: 33/46 MP: 7/7
  4388 | D:5      | Reached skill level 4 in Dodging
  4619 | D:5      | You add the spells Magic Dart, Searing Ray and Fulminant
                  | Prism to your library.
  4632 | D:5      | HP: 5/46 [sleepcap (19)]
  4633 | D:5      | HP: 1/46 [sleepcap (4)]
  5122 | D:5      | Found a white marble altar of Elyvilon.
  5200 | D:5      | Reached skill level 4 in Fighting
  5200 | D:5      | Reached skill level 5 in Unarmed Combat
  5336 | D:5      | Found a runed translucent door.
  5338 | D:5      | Noticed Crazy Yiuf
  5489 | D:5      | Killed Crazy Yiuf
  5571 | D:6      | Noticed Duvessa
  5574 | D:6      | Noticed Dowan
  5578 | D:6      | Killed Duvessa
  5734 | D:6      | Killed Dowan
  5735 | D:6      | Reached XP level 8. HP: 28/54 MP: 8/8
  6068 | D:6      | Reached skill level 5 in Dodging
  6323 | D:6      | Reached skill level 5 in Shapeshifting
  6496 | D:6      | Reached skill level 5 in Fighting
  6582 | D:6      | Reached skill level 6 in Unarmed Combat
  6864 | D:6      | Reached XP level 9. HP: 43/61 MP: 9/9
  7237 | D:7      | Reached skill level 6 in Dodging
  7620 | D:7      | Reached skill level 6 in Fighting
  7862 | D:7      | Noticed a two-headed ogre
  7876 | D:7      | Killed a two-headed ogre
  7877 | D:7      | Reached skill level 7 in Unarmed Combat
  7877 | D:7      | Reached skill level 6 in Shapeshifting
  8054 | D:8      | Reached skill level 7 in Dodging
  8054 | D:8      | HP: 12/62 [wight/+2 scimitar (13)]
  8055 | D:8      | Slain by a wight

Vanquished Creatures
  A two-headed ogre (D:7)
  2 water moccasins
  Duvessa (D:6)
  An orc warrior (D:6)
  An ice beast (D:5)
  2 sky beasts
  2 black bears
  2 ogres
  A kobold brigand (D:6)
  A scorpion (D:5)
  7 wights
  Dowan (D:6)
  A howler monkey (D:5)
  2 hounds
  A jelly (D:5)
  Crazy Yiuf (D:5)
  2 orc priests (D:6)
  A gnoll bouda (D:6)
  2 sleepcaps
  Jessica (D:3)
  Natasha (thrice) (D:2)
  5 iguanas
  2 orc wizards (D:6)
  Robin (D:4)
  8 gnolls
  8 adders
  A shadow imp (D:7)
  2 ufetubi
  2 worms
  9 orcs
  8 ball pythons
  4 bats
  7 endoplasms
  4 giant cockroaches
  17 goblins
  5 hobgoblins
  15 jackals
  5 quokkas
  4 frilled lizards
  12 kobolds
  3 rats
158 creatures vanquished.

Table legend:
 A = Non-vault XP
 B = Vault XP
 C = Vault XP percentage of total XP
 D = Non-vault monster count
 E = Vault monster count
 F = Vault count percentage of total count
                 A         B        C        D         E       F
            +---------+---------+-------+---------+---------+-------
      Total |    3832 |     479 |  11.1 |     140 |      18 |  11.4
            +---------+---------+-------+---------+---------+-------
        D:1 |      45 |       0 |   0.0 |      26 |       0 |   0.0
        D:2 |     137 |      35 |  20.3 |      26 |       1 |   3.7
        D:3 |     124 |      37 |  23.0 |      16 |       1 |   5.9
        D:4 |     105 |      35 |  25.0 |       9 |      12 |  57.1
        D:5 |     527 |      40 |   7.1 |      20 |       1 |   4.8
        D:6 |    1072 |     216 |  16.8 |      29 |       2 |   6.5
        D:7 |    1594 |     116 |   6.8 |      11 |       1 |   8.3
        D:8 |     228 |       0 |   0.0 |       3 |       0 |   0.0
            +---------+---------+-------+---------+---------+-------

Skill      XL: |  1  2  3  4  5  6  7  8  9 |
---------------+----------------------------+-----
Fighting       | 2 3 4 5 6 |  6.7
Dodging        | 3 4 5 7 |  7.0
Unarmed Combat | 4 5 6 7 |  7.4
Shapeshifting  | 4 5 6 |  6.3

Action                     |  1- 3 |  4- 6 |  7- 9 || total
---------------------------+-------+-------+-------++-------
  Melee: Unarmed           |    43 |   133 |   149 ||   325
         Constrict         |    14 |    35 |    40 ||    89
         Tentacles         |     8 |    25 |    48 ||    81
         Punch             |     2 |     3 |     9 ||    14
  Throw: Dart              |       |       |     3 ||     3
         Boomerang         |       |       |     2 ||     2
  Evoke: Wand              |       |     5 |     4 ||     9
    Use: Scroll            |     2 |     3 |     8 ||    13
         Potion            |       |       |     1 ||     1
   Stab: Sleeping          |     3 |    13 |     5 ||    21
         Distracted        |       |     1 |       ||     1
 Armour: Skin              |     3 |     5 |     4 ||    12
  Dodge: Dodged            |    30 |    79 |    81 ||   190

Illustrated notes

Table legend:
 A = Kills in this place as a percentage of kills in the entire game.
 B = Kills by you in this place as a percentage of kills by you in the entire game.
 C = Kills by friends in this place as a percentage of kills by friends in the entire game.
 D = Other kills in this place as a percentage of other kills in the entire game.
 E = Experience gained in this place as a percentage of experience gained in the entire game.
 F = Experience gained in this place divided by the number of levels of this place that you have seen.
                   A       B       C       D       E      F
               +-------+-------+-------+-------+-------+----------------------
         Total | 100.0 | 100.0 |   N/A |   N/A | 100.0 | 479.0
       Dungeon | 100.0 | 100.0 |   N/A |   N/A | 100.0 | 538.9
               +-------+-------+-------+-------+-------+----------------------

Table legend: (Time is in decaauts)
 A = Elapsed time spent in this place.
 B = Non-inter-level travel time spent in this place.
 C = Inter-level travel time spent in this place.
 D = Time resting spent in this place.
 E = Time spent auto-exploring this place.
 F = Levels seen in this place.
 G = Mean time per level.
                   A        B        C        D        E       F      G
               +--------+--------+--------+--------+--------+-----+--------+
         Total |   8038 |   7813 |    225 |    623 |   6230 |   9 |  893.1 |
       Dungeon |   8007 |   7796 |    211 |    623 |   6230 |   8 | 1000.9 |
        Temple |     30 |     16 |     14 |      0 |      0 |   1 |   30.0 |
               +--------+--------+--------+--------+--------+-----+--------+

Top non-repeatable levels by time:
     D:5: 1808 daAuts
     D:6: 1350 daAuts
     D:2: 1229 daAuts
     D:4: 1051 daAuts
     D:1: 892 daAuts
     D:3: 846 daAuts
     D:7: 795 daAuts
     D:8: 32 daAuts
  Temple: 30 daAuts
